 Dungeon Crawl Stone Soup version 0.31-a0-271-gb88eb75 (webtiles) character file.

Game seed: 1678424597828468895

10621 Dawnplanks the Skirmisher (level 11, -3/56 HPs)
             Began as a Spriggan Hunter on July 14, 2023.
             Was a High Priest of Okawaru.
             Slain by a black mamba (18 damage)
             ... on level 1 of the Lair of Beasts.
             The game lasted 00:24:10 (10645 turns).

Dawnplanks the Skirmisher (Spriggan Hunter)        Turns: 10645, Time: 00:24:11

Health: -3/56      AC:  2    Str:  7    XL:     11   Next: 38%
Magic:  18/18      EV: 21    Int: 11    God:    Okawaru [*****.]
Gold:   622        SH:  5    Dex: 23    Spells: 10/10 levels left

rFire   . . .        a - +0 shortbow
rCold   . . .        (shield currently unavailable)
rNeg    . . .        c - +0 robe
rPois   .            (helmet currently unavailable)
rElec   .            (cloak currently unavailable)
rCorr   .            (gloves unavailable)
SInv    +            (boots unavailable)
Will    ++...        l - amulet of reflection
Stlth   +++          G - ring of willpower
HPRegen 0.29/turn    R - +4 ring of slaying
MPRegen 0.16/turn

%: reflection
@: lethally poisoned (-3 -> -30), beast-form, hasted, studying Invocations, very
quick
A: beast (slay +5), very small, no large weapons, unfitting armour, see
invisible, speed 3
a: Begin Untransformation, Renounce Religion, Heroism, Finesse, Duel


You were on level 1 of the Lair of Beasts.
You worshipped Okawaru.
Okawaru was extremely pleased with you.
You were a hulking beast.
You visited 3 branches of the dungeon, and saw 12 of its levels.
You also visited: Sewer.

You collected 622 gold pieces.

Inventory:

Hand Weapons
 a - a +0 shortbow (weapon)
 E - the +6 quarterstaff of Infection {venom, *Noise rPois Int+2 Dex+4}
   (You found it on level 5 of the Dungeon)

   Int:       It affects your intelligence (+2).
   Dex:       It affects your dexterity (+4).
   rPois:     It protects you from poison.
   *Noise:    It may make noises in combat.
 T - a +0 orcbow
Missiles
 P - 2 throwing nets
Armour
 c - a +0 robe (worn)
Jewellery
 j - a ring of positive energy
 l - an amulet of reflection (around neck)
 t - the ring "Aruireoh" {Str+2 SInv}
   (You found it on level 2 of the Dungeon)

   [ring of see invisible]

   Str:       It affects your strength (+2).
   SInv:      It lets you see invisible.
 G - a ring of willpower (left hand)
 I - a ring of magical power
 K - a ring of resist corrosion
 R - a +4 ring of slaying (right hand)
Talismans
 o - a beast talisman
Wands
 B - a wand of mindburst (17)
 H - a wand of flame (23)
 O - a wand of roots (9)
 S - a wand of digging (3)
Scrolls
 b - a scroll of butterflies
 d - 3 scrolls of brand weapon {unknown}
 g - 3 scrolls of poison
 h - 2 scrolls of torment {unknown}
 k - 7 scrolls of teleportation
 p - 2 scrolls of revelation {unknown}
 q - 2 scrolls of enchant weapon {unknown}
 u - 3 scrolls of noise {unknown}
 y - 2 scrolls of amnesia
 C - 3 scrolls of fog
 D - a scroll of immolation
 F - a scroll of blinking
 L - 2 scrolls of vulnerability {unknown}
 N - 2 scrolls of enchant armour {unknown}
Potions
 e - 3 potions of attraction {unknown}
 f - 2 potions of enlightenment {unknown}
 m - 3 potions of curing {unknown}
 n - 4 potions of heal wounds
 r - 4 potions of brilliance {unknown}
 v - 4 potions of degeneration {unknown}
 w - 5 potions of haste
 x - a potion of resistance
 z - a potion of might
 A - 3 potions of invisibility
 J - 2 potions of magic
 M - a potion of lignification {unknown}
 Q - a potion of ambrosia {unknown}


   Skills:
 + Level 6.2 Fighting
 + Level 13.3 Ranged Weapons
 + Level 5.5 Dodging
 + Level 4.7 Stealth
 - Level 0.3 Shields
 * Level 8.0 Invocations
 * Level 8.1 Shapeshifting


You had 10 spell levels left.
You didn't know any spells.
Your spell library contained the following spells:

 Spells                   Type           Power      Damage    Failure   Level
 Freeze                   Ice            0%         1d3       34%         1
 Kiss of Death            Conj/Necr      0%         2d5       34%         1
 Cigotuvi's Dreadful Rot  Necr/Pois/Air  0%         N/A       47%         2
 Confusing Touch          Hex            0%         N/A       71%         3
 Frozen Ramparts          Ice            0%         1d1       71%         3
 Hailstorm                Conj/Ice       0%         3d3       71%         3
 Ignite Poison            Fire/Tmut/Pois 0%         N/A       71%         3
 Inner Flame              Hex/Fire       0%         N/A       71%         3
 Dispel Undead            Necr           0%         3d6       98%         4
 Freezing Cloud           Conj/Ice/Air   0%         6-21      100%        5
 Yara's Violent Unravell  Hex/Tmut       0%         3d3       100%        5
 Enfeeble                 Hex            0%         N/A       100%        7


Dungeon Overview and Level Annotations

Branches:
Dungeon (10/15)            Temple (1/1) D:6            Lair (1/5) D:8
    Orc (0/2) D:10          Sewer (visited)

Altars:
Ashenzari
Cheibriados
Dithmenos
Elyvilon
Fedhas
Gozag
Hepliaklqana
Kikubaaqudgha
Makhleb
Nemelex Xobeh
Okawaru
Qazlal
Ru
Sif Muna
Trog
Uskayaw
Vehumet
Wu Jian
Xom
Yredelemnul
Zin
The Shining One

Shops:
D:5 *   D:10 [

Annotations:
D:3 3 runed translucent doors, Dawnplanks's ghost, amateur KoBr
D:9 3 runed translucent doors, Dega's ghost, novice SpHu; MinotaursOnly's ghost, novice MiSh; aor's ghost, journeyman SpEn; dontdoit's ghost, journeyman MfSh


Innate Abilities, Weirdness & Mutations

You are a hulking beast.
Your limbs bulge with bestial killing power. (Slay +5)
You are very small and have problems with some larger weapons.
You are too small for most types of armour.
You have supernaturally acute eyesight. (SInv)
You cover ground extremely quickly. (Speed+++)


Message History

The black mamba bites you!
You are lethally poisoned!
The black mamba poisons you!
You feel very sick.
* * * LOW HITPOINT WARNING * * *
You feel very sick.
You are too injured to fight recklessly!
Fire: a) +0 shortbow
Press: ? - help, Q - select action, (/) - cycle Shift-Dir - straight line, f/p - black mamba
Aim: a black mamba (heavily wounded, 67% to hit)
You shoot an arrow.
The arrow closely misses the black mamba.
* * * LOW HITPOINT WARNING * * *
You feel very sick. The black mamba closely misses you. x2
It was a potion of haste.
You feel yourself speed up.
* * * LOW HITPOINT WARNING * * *
You feel very sick. The black mamba bites you.
* * * LOW HITPOINT WARNING * * *
You are more poisoned.
The black mamba poisons you!
It was a potion of heal wounds.
You feel much better.
You feel very sick. The black mamba completely misses you.
The black mamba misses you.
Fire: a) +0 shortbow
Press: ? - help, Q - select action, (/) - cycle Shift-Dir - straight line, f/p - black mamba
Aim: a black mamba (heavily wounded, 67% to hit)
You shoot an arrow. The arrow hits the black mamba.
The black mamba is heavily wounded.
You feel very sick.
Fire: a) +0 shortbow
Press: ? - help, Q - select action, (/) - cycle Shift-Dir - straight line, f/p - black mamba
Aim: a black mamba (heavily wounded, 66% to hit)
You shoot an arrow. The arrow hits the black mamba.
The black mamba is severely wounded.
* * * LOW HITPOINT WARNING * * *
You feel very sick. The black mamba bites you!!
You die...

#...........P(.....#.
##.....#.....P(....##.
.......##....P......# .
..##....##.#.........# .
. ##....##.####.##...# #
#+#..................# #
........................
........................
.......h................
.......S................
........................
##.......#.####.........
.PP.....##+# ......# #
..P.....# ...... .
..#.....# .... ..#>....#
... #.....''...#


You could see a black mamba.

Vanquished Creatures
  Erolcha (D:9)
  A two-headed ogre (D:10)
  2 centaur zombies (D:10)
  2 cane toads (Lair:1)
  An unseen horror (D:10)
  A komodo dragon (Lair:1)
  A troll (D:9)
  Grinder (D:6)
  2 hornets
  3 vampires (D:10)
  Sigmund (D:6)
  2 shadows (D:10)
  A wyvern (D:8)
  9 yaks (D:10)
  A wraith (D:10)
  A steam dragon (D:7)
  Menkaure (D:6)
  An acid dragon (D:10)
  A water moccasin (D:5)
  4 ice beasts
  5 orc warriors
  3 sky beasts
  3 black bears
  A centaur (D:9)
  A phantom (D:6)
  6 kobold brigands
  3 bullfrogs
  2 scorpions
  A gnoll sergeant (D:10)
  5 wights (D:8)
  4 killer bees
  A howler monkey (D:6)
  A crimson imp (D:6)
  7 orc priests
  5 hounds
  2 sleepcaps (D:6)
  3 iguanas
  9 orc wizards
  9 gnolls
  11 adders
  3 river rats (Sewer)
  A shadow imp (D:7)
  2 white imps (D:6)
  An ufetubus (D:4)
  3 worms
  2 dart slugs (D:4)
  22 orcs
  9 ball pythons
  5 endoplasms
  3 giant cockroaches
  2 hobgoblins
  4 jackals (D:3)
  3 quokkas (D:4)
  3 bats
  4 frilled lizards (Sewer)
  6 goblins
  34 kobolds
  13 rats
  A spectral orc (D:4)
240 creatures vanquished.

Notes
Turn   | Place    | Note
-------+----------+-------------------------------------------
     0 | D:1      | Dawnplanks the Spriggan Hunter began the quest for the Orb.
     0 | D:1      | Reached XP level 1. HP: 10/10 MP: 2/2
   832 | D:2      | Reached XP level 2. HP: 14/14 MP: 3/3
  1032 | D:2      | Reached XP level 3. HP: 18/18 MP: 4/4
  1222 | D:2      | Identified the ring "Aruireoh" {Str+2 SInv}
  1322 | D:3      | Reached skill level 5 in Ranged Weapons
  1340 | D:3      | Found a radiant altar of Vehumet.
  1389 | D:3      | Found a shimmering altar of Xom.
  1506 | D:3      | Reached XP level 4. HP: 11/23 MP: 5/5
  1617 | D:3      | Found a sacrificial altar of Ru.
  1636 | D:3      | Reached skill level 1 in Shapeshifting
  1874 | D:3      | Found a glowing silver altar of Zin.
  1954 | D:3      | Found a runed translucent gate.
  1956 | D:3      | Found a runed translucent gate.
  1957 | D:3      | Found a runed translucent gate.
  1957 | D:3      | Noticed Dawnplanks's ghost (amateur KoBr)
  1958 | D:3      | Noticed a kobold brigand
  2217 | D:4      | Reached XP level 5. HP: 26/26 MP: 6/6
  2260 | D:4      | Found a glowing drain.
  2266 | Sewer    | Entered a sewer
  2380 | Sewer    | Reached skill level 6 in Ranged Weapons
  2755 | D:4      | Found a shadowy altar of Dithmenos.
  2924 | D:4      | Reached XP level 6. HP: 30/30 MP: 7/7
  3067 | D:4      | Found a basalt altar of Yredelemnul.
  3095 | D:5      | Entered Level 5 of the Dungeon
  3112 | D:5      | Noticed an ice beast
  3193 | D:4      | Killed an ice beast
  3194 | D:4      | Reached skill level 7 in Ranged Weapons
  3240 | D:5      | Noticed an ice beast
  3268 | D:4      | Killed an ice beast
  3269 | D:4      | Reached XP level 7. HP: 35/35 MP: 8/8
  3366 | D:5      | Found Havoud's Assorted Antiques.
  3469 | D:5      | Reached skill level 8 in Ranged Weapons
  3665 | D:5      | Identified the +6 quarterstaff of Infection {venom, *Noise
                  | rPois Int+2 Dex+4}
  3687 | D:5      | Found a glowing golden altar of the Shining One.
  3835 | D:6      | Reached XP level 8. HP: 39/39 MP: 9/9
  3972 | D:6      | Reached skill level 9 in Ranged Weapons
  4018 | D:6      | Found an opulent altar of Gozag.
  4036 | D:6      | Noticed Grinder
  4056 | D:6      | Killed Grinder
  4150 | D:6      | Found a staircase to the Ecumenical Temple.
  4159 | Temple   | Entered the Ecumenical Temple
  4215 | Temple   | Became a worshipper of Warmaster Okawaru
  4418 | D:6      | Noticed Sigmund
  4421 | D:6      | Killed Sigmund
  4453 | D:6      | Reached skill level 10 in Ranged Weapons
  4477 | D:6      | Found a hazy altar of Hepliaklqana.
  4481 | D:6      | Noticed Menkaure
  4482 | D:6      | Reached skill level 5 in Shapeshifting
  4495 | D:6      | Killed Menkaure
  4496 | D:6      | Reached XP level 9. HP: 45/45 MP: 10/10
  4527 | D:6      | Found a hide-covered altar of Uskayaw.
  4694 | D:6      | Reached skill level 1 in Invocations
  5155 | D:7      | Reached * piety under Okawaru
  6690 | D:7      | Reached skill level 11 in Ranged Weapons
  7032 | D:8      | Reached ** piety under Okawaru
  7482 | D:8      | Found a staircase to the Lair.
  7594 | D:8      | Reached XP level 10. HP: 18/51 MP: 14/14
  8066 | D:9      | Noticed MinotaursOnly's ghost (novice MiSh)
  8066 | D:9      | Noticed dontdoit's ghost (journeyman MfSh)
  8066 | D:9      | Found a runed translucent gate.
  8066 | D:9      | Found a runed translucent gate.
  8066 | D:9      | Found a runed translucent gate.
  8070 | D:9      | Noticed aor's ghost (journeyman SpEn)
  8122 | D:9      | Noticed Dega's ghost (novice SpHu)
  8198 | D:9      | Reached skill level 5 in Invocations
  8275 | D:9      | Found a bloodstained altar of Trog.
  8353 | D:9      | Found a shimmering blue altar of Sif Muna.
  8381 | D:9      | Noticed Erolcha
  8392 | D:9      | Killed Erolcha
  8392 | D:9      | Reached *** piety under Okawaru
  8395 | D:9      | Reached skill level 12 in Ranged Weapons
  8421 | D:9      | Found an ancient bone altar of Kikubaaqudgha.
  8741 | D:9      | Reached skill level 5 in Fighting
  9035 | D:10     | Entered Level 10 of the Dungeon
  9256 | D:10     | Reached **** piety under Okawaru
  9385 | D:10     | Reached skill level 5 in Dodging
  9386 | D:10     | Noticed a two-headed ogre
  9441 | D:10     | Found a staircase to the Orcish Mines.
  9742 | D:10     | Reached XP level 11. HP: 56/56 MP: 17/17
  9954 | D:10     | Reached skill level 13 in Ranged Weapons
 10217 | D:10     | Found Lihiwn's Armour Boutique.
 10346 | D:10     | Killed a two-headed ogre
 10436 | Lair:1   | Entered Level 1 of the Lair of Beasts
 10498 | Lair:1   | Reached ***** piety under Okawaru
 10645 | Lair:1   | Slain by a black mamba

Illustrated notes

Levels and vault maps discovered:
D:1:      dpeg_arrival_rhombi, layout_loops_ring, kennysheep_flooded_box
D:2:      layout_basic
D:3:      layout_basic, mainiacjoe_overflow_small_starburst,
          mainiacjoe_overflow_cross_hatched, zin_academy,
          nicolae_ru_great_annihilating_truth, gammafunk_ghost_nasty_kobolds,
          st_stairs_9
D:4:      layout_rooms, mainiacjoe_overflow_concentric_impassable,
          yredelemnul_forgotten_temple_becter, gup_sewer_entry_bowl,
          interstate_on_off, minmay_unequal
D:5:      layout_cave_pools, kennysheep_mini_moat, serial_shops, shop
D:6:      layout_layer_cave, mainiacjoe_overflow_catwalk,
          nicolae_hepliaklqana_hazy_memory, nicolae_uskayaw_dance_hall,
          lemuel_temple_firewalk_b, kennysheep_nub, minmay_misc_feat_x,
          chequers_serial_rivers_small_b, minmay_fire_ice_demons, uniq_sigmund,
          uniq_grinder, uniq_menkaure
D:7:      layout_basic, serial_bayou_pond_e, minmay_stone_trees_medium,
          david_defended_altar_orc
D:8:      layout_loops_ring, lair_entry_dummy
D:9:      layout_basic, mainiacjoe_overflow_surrounded_room,
          trog_ov_bears_minmay, nicolae_sif_muna_condensation,
          gammafunk_ghost_cemetery, uniq_erolcha
D:10:     layout_roguey, orc_0_dummy, serial_shops,
          nicolae_shop_advertising_works [nicolae_subvault_shop_adworks],
          serial_undead, serial_undead_a, serial_undead_b, serial_undead_c,
          serial_undead_a, reono_crystal_passage
Temple:   jpeg_temple_island
Lair:1:   layout_regular_city, gammafunk_lair_bear_cave,
          infiniplex_staircase_pool, lemuel_fruit_tree, uniq_nergalle

Skill      XL: |  1  2  3  4  5  6  7  8  9 10 11 |
---------------+----------------------------------+-----
Dodging        | 3 4 5 |  5.5
Ranged Weapons | 5 6 7 8 10 11 12 13 | 13.3
Stealth        | 2 3 4 |  4.7
Shapeshifting  | 1 2 3 5 6 7 8 |  8.1
Fighting       | 2 3 4 5 6 |  6.2
Invocations    | 4 7 8 |  8.0
Shields        | |  0.3

Action                     |  1- 3 |  4- 6 |  7- 9 | 10-12 || total
---------------------------+-------+-------+-------+-------++-------
   Fire: Shortbow          |    84 |   170 |   382 |   341 ||   977
 Invoke: Heroism           |       |       |       |     2 ||     2
         Finesse           |       |       |       |     1 ||     1
    Use: Scroll            |       |       |       |    10 ||    10
         Potion            |       |       |       |     2 ||     2
 Armour: Robe              |     1 |     3 |     3 |       ||     7
  Dodge: Dodged            |    20 |    30 |    45 |    80 ||   175
  Block: Other             |     1 |    10 |    14 |    18 ||    43
         Reflection        |       |     1 |     3 |     1 ||     5
   Form: Beast             |     1 |       |       |       ||     1

Table legend: (Time is in decaauts)
 A = Elapsed time spent in this place.
 B = Non-inter-level travel time spent in this place.
 C = Inter-level travel time spent in this place.
 D = Time resting spent in this place.
 E = Time spent auto-exploring this place.
 F = Levels seen in this place.
 G = Mean time per level.
                   A        B        C        D        E       F      G
               +--------+--------+--------+--------+--------+-----+--------+
         Total |   7557 |   7233 |    324 |    257 |   5248 |  13 |  581.3 |
       Dungeon |   6997 |   6680 |    317 |    257 |   4894 |  10 |  699.7 |
        Temple |    111 |    105 |      6 |      0 |    101 |   1 |  111.0 |
          Lair |    137 |    137 |      0 |      0 |     60 |   1 |  137.0 |
         Sewer |    311 |    311 |      0 |      0 |    193 |   1 |  311.0 |
               +--------+--------+--------+--------+--------+-----+--------+

Top non-repeatable levels by time:
     D:7: 1212 daAuts
     D:8: 986 daAuts
    D:10: 912 daAuts
     D:6: 845 daAuts
     D:9: 753 daAuts
     D:3: 537 daAuts
     D:1: 508 daAuts
     D:4: 508 daAuts
     D:5: 400 daAuts
     D:2: 331 daAuts
   Sewer: 311 daAuts
  Lair:1: 137 daAuts
  Temple: 111 daAuts
